 Dungeon Crawl Stone Soup version 0.27-a0-223-ge082b6e869 (webtiles) character file.

Game seed: 10836039299781447850

67 sahdkjhfkaj the Caller (level 4, 24/24 HPs)
             Began as a Deep Elf Summoner on Feb 1, 2021.
             Quit the game on level 2 of the Dungeon.
             The game lasted 00:05:28 (2963 turns).

sahdkjhfkaj the Caller (Deep Elf Summoner)          Turns: 2963, Time: 00:05:28

Health: 24/24      AC:  5    Str:  5    XL:     4   Next: 0%
Magic:  12/12      EV: 13    Int: 21    God:
Gold:   129        SH:  0    Dex: 15    Spells: 8/11 levels left

rFire    . . .     SeeInvis .   (no weapon)
rCold    . . .     Faith    .   (no shield)
rNeg     . . .     Spirit   .   a - +0 robe
rPois    .         Reflect  .   (no helmet)
rElec    .         Harm     +   g - scarf {harm}
rCorr    .         Rampage  .   (no gloves)
Will     .....                  c - +2 pair of boots {Stlth+}
Stlth    +++.......             (no amulet)
HPRegen  0.08/turn              (no ring)
MPRegen  0.13/turn              (no ring)

@: no status effects
A: no striking features
a: no special abilities


You were on level 2 of the Dungeon.
You visited 1 branch of the dungeon, and saw 2 of its levels.

You collected 129 gold pieces.

Inventory:

Armour
 a - a +0 robe (worn)
 c - a +2 pair of boots of stealth (worn)
   (You found it on level 1 of the Dungeon)
 g - a scarf of harm (worn)
   (You found it on level 1 of the Dungeon)
Jewellery
 j - a +4 ring of evasion {unknown}
   (You found it on level 1 of the Dungeon)
Scrolls
 b - 2 scrolls of remove curse {unknown}
 d - 2 scrolls of immolation {unknown}
 e - a scroll of amnesia {unknown}
 i - a scroll of enchant weapon {unknown}
 k - a scroll of identify {unknown}
 m - a scroll of enchant armour {unknown}
 n - a scroll of teleportation {unknown}
 o - 2 scrolls of blinking {unknown}
Potions
 f - a potion of attraction {unknown}
 h - a potion of invisibility {unknown}
 l - a potion of curing {unknown}


   Skills:
 - Level 2.4 Dodging
 - Level 2.4 Stealth
 - Level 4.0 Spellcasting
 + Level 5.7 Summonings


You had 8 spell levels left.
You knew the following spells:

 Your Spells              Type           Power        Failure   Level
a - Summon Small Mammal   Summ           100%         1%          1
x - Call Imp              Summ           28%          1%          2

Your spell library contained the following spells:

 Spells                   Type           Power        Failure   Level
 Call Canine Familiar     Summ           28%          3%          3
 Summon Guardian Golem    Hex/Summ       16%          11%         3
 Summon Ice Beast         Ice/Summ       16%          36%         4
 Summon Lightning Spire   Summ/Air       16%          36%         4


Dungeon Overview and Level Annotations

Branches:
Dungeon (2/15)

Altars:


Message History

Your crimson imp blinks!
Found a dagger.
You open the door.
Found a stone staircase leading down.
A rat comes into view.
A rat is nearby!
A rat is nearby!
A rat is nearby!
Your crimson imp blinks!
A beastly little devil appears in a puff of flame.
A metallic apparition takes form in the air.
Your crimson imp hits the rat.
The rat dies!
No target in view!
Your crimson imp disappears in a puff of smoke!
Key pressed, stopping explore.
No target in view!
A beastly little devil appears in a puff of flame.
Your crimson imp disappears in a puff of smoke!
Your crimson imp blinks!
A kobold comes into view. It is wielding a +0 dagger.
A kobold is nearby!
A kobold is nearby!
A kobold is nearby!
Your crimson imp blinks!
A kobold is nearby!
A beastly little devil appears in a puff of frigid air.
Your white imp hits the kobold but does no damage.
The kobold shouts!
A beastly little devil appears in a puff of frigid air.
The kobold throws a stone.
The stone barely misses your white imp. The stone completely misses you.
Your white imp hits the kobold.
Your white imp freezes the kobold.
The kobold dies!
You have reached level 4!
You feel clever.
You start resting.
Your white imp disappears in a puff of smoke!
Your iron imp disappears in a puff of smoke!
Okay, then.
Options error: Bad channel -- pray (~/.crawlrc:4441) Options error: Bad channel -- food (~/.crawlrc:4444) Options error: Bad channel -- rotten_meat (~/.crawlrc:4461) Welcome back, sahdkjhfkaj the Deep Elf Summoner.
Unknown command.
Saving game... please wait.
Options error: Bad channel -- pray (~/.crawlrc:4441) Options error: Bad channel -- food (~/.crawlrc:4444) Options error: Bad channel -- rotten_meat (~/.crawlrc:4461) Welcome back, sahdkjhfkaj the Deep Elf Summoner.

## #### #. .(# #. #5#
#. #@# #.###.#
######## #.#...#
######.......
#.#.######...##.......
#..>.....'...+........
###5######...##.######
##..)................
#...........).....###
#....##########.#.#


You could see a friendly white imp (summoned).

Vanquished Creatures
  A goblin (D:1)
  A frilled lizard (D:2)
2 creatures vanquished.

Vanquished Creatures (collateral kills)
  Jessica (D:2)
  2 adders (D:2)
  An ooze (D:1)
  A worm (D:2)
  4 dart slugs (D:1)
  3 leopard geckos
  6 bats
  4 goblins
  7 hobgoblins
  7 jackals (D:1)
  7 kobolds
  2 quokkas (D:2)
  A ball python (D:1)
  6 rats
52 creatures vanquished.

Grand Total: 54 creatures vanquished

Notes
Turn   | Place    | Note
-------+----------+-------------------------------------------
     0 | D:1      | sahdkjhfkaj the Deep Elf Summoner began the quest for the
                  | Orb.
     0 | D:1      | Reached XP level 1. HP: 10/10 MP: 6/6
   275 | D:1      | Reached XP level 2. HP: 9/15 MP: 3/9
   299 | D:1      | Learned a level 2 spell: Call Imp
  1206 | D:1      | Reached skill level 5 in Summonings
  1488 | D:2      | Reached XP level 3. HP: 19/19 MP: 3/10
  2297 | D:2      | Noticed Jessica
  2320 | D:2      | Killed Jessica
  2928 | D:2      | Reached XP level 4. HP: 24/24 MP: 7/12
  2963 | D:2      | Quit the game

Illustrated notes

Levels and vault maps discovered:
D:1:      ncdulo_wetmaze, layout_rooms
D:2:      layout_basic, trog_hazing_becter, uniq_jessica

Skill      XL: |  1  2 |
---------------+-------+-----
Spellcasting   | 4 |  4.0
Summonings     | 5 |  5.7
Dodging        | |  2.4
Stealth        | |  2.4

Action                   |  1- 3 |  4- 6 || total
-------------------------+-------+-------++-------
Melee: Unarmed           |    26 |       ||    26
 Cast: Summon Small Mamm |    26 |       ||    26
       Call Imp          |    81 |       ||    81
Armor: Robe              |    21 |       ||    21
Dodge: Dodged            |    73 |       ||    73

Table legend: (Time is in decaauts)
 A = Elapsed time spent in this place.
 B = Non-inter-level travel time spent in this place.
 C = Inter-level travel time spent in this place.
 D = Time resting spent in this place.
 E = Time spent auto-exploring this place.
 F = Levels seen in this place.
 G = Mean time per level.
                   A        B        C        D        E       F      G
               +--------+--------+--------+--------+--------+-----+--------+
         Total |   2968 |   2955 |     13 |    177 |   2202 |   2 | 1484.0 |
       Dungeon |   2968 |   2955 |     13 |    177 |   2202 |   2 | 1484.0 |
               +--------+--------+--------+--------+--------+-----+--------+

Top non-repeatable levels by time:
     D:2: 1574 daAuts
     D:1: 1393 daAuts
